Map: King's Cove LE

Players

DisK - Winner!

  • Race: Protoss Protoss
  • League: Master
  • Spawn Location: 11:00

VOD

Have the link to the VOD?

Description

Time

  • Played on: June 9, 2019, 5:43 p.m.
  • Length: 12:01
Show
View Real Time Build Order
Export as new Build Order

DisK Protoss - Winner!

Build Orders: 1 Gate Expand, Oracle Opening, Phoenix Opening, Mass Phoenix 

Get SALT Encoding   

  12  0:02  Probe  
  12  0:14  Probe  
  12  0:20  Pylon  
  12  0:26  Probe  
  12  0:35  Probe  
  12  0:40  Gateway  
  12  0:43  Probe  
  12  0:48  Assimilator  
  12  0:52  Probe  
  12  1:04  Probe  
  12  1:18  Probe  
  12  1:26  Nexus  
  12  1:30  Probe  
  12  1:40  Cybernetics Core  
  12  1:43  Probe  
  12  1:49  Assimilator  
  12  1:55  Pylon  
  12  1:58  Probe  
  12  2:06  Adept  
  12  2:13  Probe  
  12  2:20  Stargate  
  12  2:26  Probe  
  12  2:29  Warp Gate  
  12  2:35  Probe x2  
  12  2:39  Adept  
  12  2:43  Probe  
  12  2:44  Probe  
  12  2:52  Probe  
  12  2:54  Probe  
  12  3:02  Gateway  
  12  3:03  Phoenix  
  12  3:05  Probe  
  12  3:06  Probe  
  12  3:18  Probe x2  
  12  3:20  Pylon  
  12  3:28  Oracle  
  12  3:30  Probe x2  
  12  3:42  Probe x2  
  12  3:44  Assimilator  
  12  3:46  Assimilator  
  12  3:47  Stargate  
  12  3:54  Probe x2  
  12  3:55  Pylon  
  12  4:06  Phoenix  
  12  4:10  Probe  
  12  4:12  Pylon  
  12  4:13  Probe  
  12  4:16  Zealot  
  12  4:22  Probe  
  12  4:24  Phoenix x2  
  12  4:25  Probe  
  12  4:29  Pylon  
  12  4:37  Probe  
  12  4:38  Probe  
  12  4:47  Phoenix x2  
  12  4:56  Nexus  
  12  4:59  Pylon  
  12  5:03  Probe x2, Phoenix  
  12  5:12  Phoenix  
  12  5:18  Probe x2  
  12  5:22  Robotics Facility  
  12  5:24  Robotics Facility  
  12  5:34  Zealot, Sentry  
  12  5:39  Pylon  
  12  5:43  Probe  
  12  5:45  Probe  
  12  5:50  Shield Battery  
  12  5:55  Probe, Twilight Council  
  12  5:56  Forge  
  12  5:58  Probe  
  12  6:01  Immortal  
  12  6:05  Observer  
  12  6:07  Probe  
  12  6:08  Probe  
  12  6:10  Probe  
  12  6:14  Robotics Bay  
  12  6:19  Probe  
  12  6:20  Zealot  
  12  6:21  Probe  
  12  6:22  Sentry  
  12  6:27  Blink  
  12  6:28  Protoss Ground Weapons Level 1, Probe  
  12  6:29  Gateway  
  12  6:30  Gateway  
  12  6:31  Probe  
  12  6:33  Probe  
  12  6:41  Pylon  
  12  6:42  Pylon  
  12  6:44  Assimilator  
  12  6:45  Assimilator  
  12  6:48  Probe  
  12  6:49  Probe x2  
  12  6:51  Pylon  
  12  6:53  Pylon  
  12  6:57  Warp Prism  
  12  7:01  Probe  
  12  7:02  Extended Thermal Lance  
  12  7:03  Probe x2  
  12  7:06  Colossus  
  12  7:11  Gateway x2  
  12  7:21  Gateway  
  12  7:24  Gateway  
  12  7:30  Probe x3  
  12  7:36  Stalker x3  
  12  7:42  Colossus  
  12  7:55  Nexus  
  12  7:59  Pylon  
  12  8:00  Pylon  
  12  8:02  Colossus  
  12  8:11  Stalker x2, Templar Archives  
  12  8:16  Pylon  
  12  8:17  Protoss Ground Weapons Level 2  
  12  8:18  Charge  
  12  8:22  Photon Cannon  
  12  8:24  Photon Cannon  
  12  8:28  Photon Cannon  
  12  8:33  Photon Cannon  
  12  8:39  Colossus  
  12  8:41  Stalker, Psionic Storm  
  12  8:43  Stalker  
  12  8:47  Photon Cannon  
  12  8:50  Pylon  
  12  8:54  Colossus  
  12  8:57  Photon Cannon  
  12  9:15  Gateway  
  12  9:16  Assimilator  
  12  9:17  Gateway  
  12  9:21  Assimilator  
  12  9:24  Stalker x3  
  12  9:28  High Templar  
  12  9:31  High Templar  
  12  9:42  Immortal  
  12  9:45  Photon Cannon  
  12  9:47  Photon Cannon  
  12  9:49  High Templar x2  
  12  9:51  Photon Cannon  
  12  9:53  Shield Battery  
  12  9:58  Immortal  
  12  10:10  Pylon  
  12  10:12  Pylon  
  12  10:15  Nexus  
  12  10:19  Pylon  
  12  10:20  High Templar x2  
  12  10:21  Pylon  
  12  10:24  High Templar, Archon  
  12  10:25  High Templar  
  12  10:28  Archon  
  12  10:29  Stalker x2  
  12  10:42  Observer  
  12  10:50  Gravitic Boosters  
  12  10:51  Fleet Beacon  
  12  10:55  Photon Cannon  
  12  10:56  Photon Cannon  
  12  10:59  Photon Cannon  
  12  11:00  Shield Battery  
  12  11:02  Zealot x3  
  12  11:03  Shield Battery  
  12  11:04  Zealot  
  12  11:12  Assimilator  
  12  11:17  Assimilator  
  12  11:47  Archon  
  12  11:48  Archon  
  12  11:57  Cybernetics Core  
Tags
 
Add a new tag
Caveats
  • Supply blocks, unpowered buildings, or Contaminate may cause inaccurate times.
  • Supply counts are checked every 10 seconds.